 Dungeon Crawl Stone Soup version 0.25.1-2-g60ff931df9 (webtiles) character file.

Game seed: 13540602164398893892

138 sankara the Chucker (level 5, -5/53 HPs)
             Began as an Ogre Arcane Marksman on Sept 1, 2020.
             Splashed by a jelly's acid (9 damage)
             ... on level 3 of the Dungeon.
             The game lasted 00:10:33 (3563 turns).

sankara the Chucker (Ogre Arcane Marksman)          Turns: 3563, Time: 00:10:33

Health: -5/53      AC: -1    Str: 15    XL:     5   Next: 21%
Magic:  6/6        EV: 10    Int: 14    God:
Gold:   117        SH:  0    Dex:  9    Spells: 3/6 levels left

rFire    . . .     SeeInvis .   a - +0 dagger
rCold    . . .     Gourm    .   (no shield)
rNeg     . . .     Faith    .   k - +0 robe
rPois    .         Spirit   .   (helmet restricted)
rElec    .         Reflect  .   (no cloak)
rCorr    .         Harm     .   (gloves unavailable)
MR       +....                  (boots unavailable)
Stlth    +.........             (no amulet)
HPRegen  0.17/turn              j - ring of protection from magic
MPRegen  0.10/turn              (no ring)

@: corroded
A: large, unfitting armour, tough skin 1
a: no special abilities


You were on level 3 of the Dungeon.
You were not hungry.

You visited 1 branch of the dungeon, and saw 3 of its levels.

You collected 117 gold pieces.

Inventory:

Hand Weapons
 a - a +0 dagger (weapon)
 b - a +0 short sword
 r - a +0 hunting sling
 u - a +2 trident of venom
Missiles
 d - 2 throwing nets (quivered)
 i - 65 stones
 m - 3 javelins
Armour
 k - a +0 robe (worn)
Jewellery
 j - a ring of protection from magic (left hand)
Scrolls
 e - a scroll of enchant weapon {unknown}
 g - 3 scrolls of magic mapping {unknown}
 l - 2 scrolls of identify {unknown}
 n - a scroll of amnesia {unknown}
 p - 2 scrolls of remove curse {unknown}
 q - a scroll of fog {unknown}
Potions
 h - a potion of ambrosia {unknown}
 o - 2 potions of might {unknown}
 s - a potion of flight {unknown}
Comestibles
 f - 4 rations


   Skills:
 + Level 3.3 Fighting
 * Level 3.9 Throwing
 + Level 2.7 Dodging
 - Level 1.2 Spellcasting
 - Level 2.6 Hexes


You had 3 spell levels left.
You knew the following spells:

 Your Spells              Type           Power        Failure   Level  Hunger
a - Corona                Hex            #......      9%          1    ##.....
b - Slow                  Hex            #.......     13%         2    ###....

Your spell library contained the following spells:

 Spells                   Type           Power        Failure   Level  Hunger
 Inner Flame              Hex/Fire       #.......     41%         3    ####...
 Portal Projectile        Hex/Tloc       #.....       41%         3    ####...
 Cause Fear               Hex            #.........   65%         4    #####..
 Leda's Liquefaction      Hex/Erth       #.........   83%         4    #####..


Dungeon Overview and Level Annotations

Branches:
Dungeon (3/15)

Altars:
Elyvilon
Fedhas
The Shining One


Innate Abilities, Weirdness & Mutations

You are too large for most types of armour.
You have tough skin. (AC +1)


Message History

There is a stone staircase leading down here.
Throwing (i - inventory. (/) - cycle)
c - 2 large rocks (quivered)
Press: ? - help, Shift-Dir - straight line, f - jelly
Aim: a jelly (heavily wounded)
You throw a large rock. The large rock hits the jelly.
The jelly is almost dead.
The jelly hits you.
* * * LOW HITPOINT WARNING * * *
You are splashed with acid!
* * * LOW HITPOINT WARNING * * *
All of the chunks of flesh in your inventory have rotted away.
Throwing (i - inventory. (/) - cycle)
c - a large rock (quivered)
Press: ? - help, Shift-Dir - straight line, f - hobgoblin, p - jelly
Aim: a hobgoblin You throw a large rock.
The large rock barely misses the jelly.
The large rock closely misses the hobgoblin.
The jelly hits you.
* * * LOW HITPOINT WARNING * * *
You are splashed with acid!
You die...

..#
#.########################
#.#
#.#.......................
#.#
#.#.######################
#.# #.#.#...# #.#
#.#.#...# #.# #.#.#...##
#.####.#......#
###......###....#########
...........'....@J.......
.........###....##g######
....###.#######.# ...
....# #.........# #.#..
....# ########### g. ..#
....# .## .. ##### . # .


You could see a jelly and a hobgoblin.

Vanquished Creatures
  An orc wizard (D:3)
  3 adders (D:2)
  An ooze (D:1)
  3 dart slugs
  6 leopard geckos
  3 orcs (D:3)
  3 ball pythons
  2 bats
  3 giant cockroaches (D:1)
  13 goblins
  5 hobgoblins
  3 jackals (D:2)
  2 kobolds (D:1)
  8 frilled lizards
  8 rats
64 creatures vanquished.

Notes
Turn   | Place    | Note
-------+----------+-------------------------------------------
     0 | D:1      | sankara the Ogre Arcane Marksman began the quest for the
                  | Orb.
     0 | D:1      | Reached XP level 1. HP: 19/19 MP: 2/2
     2 | D:1      | Noticed a dwarf
     2 | D:1      | Noticed a draconian
     4 | D:1      | Noticed a troll
     4 | D:1      | Noticed a vine stalker
     6 | D:1      | Noticed a formicid
     6 | D:1      | Noticed a tengu
     8 | D:1      | Noticed a centaur
     8 | D:1      | Noticed a felid
    10 | D:1      | Noticed a halfling
    10 | D:1      | Noticed an ogre
    12 | D:1      | Noticed a human
    12 | D:1      | Noticed an octopode
    14 | D:1      | Noticed a demigod
    16 | D:1      | Noticed an elf
    18 | D:1      | Noticed a naga
    18 | D:1      | Noticed a minotaur
    20 | D:1      | Noticed a demonspawn
    20 | D:1      | Noticed a gargoyle
    22 | D:1      | Noticed a merfolk
    24 | D:1      | Noticed a spriggan
    26 | D:1      | Noticed a ghoul
    26 | D:1      | Noticed a vampire
   384 | D:1      | Reached XP level 2. HP: 28/28 MP: 3/3
   402 | D:1      | Learned a level 2 spell: Slow
   772 | D:1      | Reached XP level 3. HP: 29/35 MP: 4/4
  1851 | D:2      | Found a glowing golden altar of the Shining One.
  1981 | D:2      | Reached XP level 4. HP: 21/44 MP: 1/5
  2515 | D:2      | Found a blossoming altar of Fedhas.
  2515 | D:2      | Found a white marble altar of Elyvilon.
  3112 | D:3      | Reached XP level 5. HP: 21/53 MP: 6/6
  3563 | D:3      | Splashed by a jelly's acid

Illustrated notes

Levels and vault maps discovered:
D:1:      kb_arrival_jail, layout_basic, wad_floor_pattern_1, minivault_24,
          wander_ebering_terrifying_dragon_lair
D:2:      cheibrodos_helix_gallery, layout_rooms, tso_metal_star,
          chequers_temple_overflow_statue_of_worship
D:3:      layout_basic, led_sif_book, serial_undead, serial_undead_e,
          serial_undead_b, serial_undead_a, serial_undead_b

Skill      XL: |  1  2  3  4 |
---------------+-------------+-----
Dodging        | 2 |  2.7
Fighting       | 2 3 |  3.3
Throwing       | 3 |  3.9
Spellcasting   | |  1.2
Hexes          | |  2.6

Action                   |  1- 3 |  4- 6 || total
-------------------------+-------+-------++-------
Melee: Unarmed           |    72 |       ||    72
       Short sword       |    48 |    20 ||    68
       Dagger            |       |    74 ||    74
Throw: Large rock        |    24 |     7 ||    31
       Stone             |     8 |       ||     8
       Javelin           |       |     2 ||     2
 Cast: Slow              |     2 |       ||     2
       Corona            |     1 |       ||     1
 Stab: Distracted        |     1 |       ||     1
       Sleeping          |       |     1 ||     1
  Eat: Chunk             |     3 |     6 ||     9
Armor: Robe              |    36 |    26 ||    62
Dodge: Dodged            |    72 |    51 ||   123
